 Dungeon Crawl Stone Soup version 0.14-a0-2746-g43b4f9c (webtiles) character file.

543 Neoxx the Sneak (level 7, -7/45 HPs)
             Began as a Formicid Hunter on Feb 23, 2014.
             Hit by a stone thrown by Edmund (12 damage)
             ... on Level 4 of the Dungeon.
             The game lasted 00:20:26 (4949 turns).

Neoxx the Sneak (Formicid Hunter)                   Turns: 4949, Time: 00:20:26

HP  -7/45        AC  2     Str 17      XL: 7   Next:  5%
MP   7/7         EV 11     Int 10      God:
Gold 223         SH  7     Dex 13      Spells:  0 memorised,  6 levels left

rFire  . . .     SeeInvis +     b - +2,+3 orc dagger (chaos)
rCold  . . .     Clarity  .     (no armour)
rNeg   + . .     Conserve .     H - +0 buckler (curse)
rPois  x         rCorr    .     (helmet unavailable)
rElec  .         rRot     .     (no cloak)
SustAb . .       Spirit   .     (no gloves)
rMut   +         Warding  .     i - +0 pair of boots
Saprov . . .     Stasis   +     e - amulet of resist mutation
MR     .....                    D - +7,+2 ring of slaying
                                L - ring of positive energy

@: not resistant to hostile enchantments, quite stealthy
A: permanent stasis, dig shafts and tunnels, four strong arms, poison weakness,
antennae 3, exoskeleton 1
a: Dig, Shaft Self


You were on level 4 of the Dungeon.
You were not hungry.

You visited 1 branch of the dungeon, and saw 4 of its levels.

You collected 223 gold pieces.

Inventory:

Hand weapons
 a - a +1,+0 dagger of freezing
 b - a +2,+3 orcish dagger of chaos (weapon)
 s - a +2,+1 spear of distortion
Missiles
 l - 15 darts (quivered)
Armour
 i - a +0 pair of boots (worn)
 H - a cursed +0 buckler (worn)
Magical devices
 P - a wand of random effects (8)
Comestibles
 f - 4 bread rations
 z - 3 meat rations
 K - a banana
 M - a choko
Scrolls
 d - a scroll of amnesia {unknown}
 g - 2 scrolls of remove curse {unknown}
 k - a scroll of identify
 m - a scroll of enchant weapon II {unknown}
 o - 2 scrolls of curse armour {unknown}
 p - 2 scrolls of teleportation {unknown}
 q - a scroll of blinking {unknown}
 t - a scroll of noise {unknown}
 x - a scroll of immolation {unknown}
 B - a scroll of fear {unknown}
 F - a scroll of enchant armour {unknown}
Jewellery
 e - an amulet of resist mutation (around neck)
 u - an uncursed ring of magical power
 D - a +7,+2 ring of slaying (right hand)
 L - a ring of positive energy (left hand)
Potions
 h - a potion of heal wounds {unknown}
 j - a potion of paralysis {unknown}
 n - 2 potions of degeneration {unknown}
 v - a potion of curing {unknown}
 w - a potion of cure mutation {unknown}
 A - a potion of agility {unknown}
 I - a potion of beneficial mutation {unknown}
Books
 G - a book of Battle

   Spells                             Type                      Level
   Infusion                           Charms                       1
   Shroud of Golubria                 Charms/Translocation         2
   Song of Slaying                    Charms                       2
   Spectral Weapon                    Hexes/Charms                 3
   Regeneration                       Charms/Necromancy            3


   Skills:
 - Level 2.0 Fighting
 + Level 3.9 Short Blades
 - Level 3.2 Throwing
 - Level 1.7 Dodging
 + Level 6.9 Stealth


You had 6 spell levels left.
You didn't know any spells.

Dungeon Overview and Level Annotations

Branches:
Dungeon (4/16)
 Temple: D:4-7

Altars:
Xom

Annotations:
D:4 Edmund


Innate Abilities, Weirdness & Mutations

Your are under a permanent stasis effect.
You can dig through walls and to a lower floor.
Your four strong arms can wield any weapon, most with a shield.
You are susceptible to poison.
You have a pair of large antennae on your head (SInv).
Your body is surrounded by an exoskeleton. (AC +1)


Message History

You throw a dart. The dart hits Edmund.
Edmund is almost dead.
The goblin shoots a stone.
The stone hits you!
* * * LOW HITPOINT WARNING * * *
Edmund throws a stone.
The stone hits you!
* * * LOW HITPOINT WARNING * * *
Throwing (i - inventory):
l - 16 darts (quivered)
Press: ? - help, Shift-Dir - straight line, f/p - Edmund
Aim: Edmund, wielding a glowing flail, wearing a scale mail and carrying a wand of digging {zapped: 3} (almost dead)
You throw a dart. The dart hits Edmund.
Edmund is almost dead.
The goblin shoots a stone.
The stone misses you.
Edmund throws a stone.
The stone hits you!
* * * LOW HITPOINT WARNING * * *
Evoke which item? (* to show all) (? for menu, Esc to quit)
Zapping:
P - a wand of random effects {zapped: 1}
Press: ? - help, Shift-Dir - straight line, f/p - Edmund
Aim: Edmund, wielding a glowing flail, wearing a scale mail and carrying a wand of digging {zapped: 3} (almost dead) Edmund seems to speed up.
Edmund throws a stone.
The stone hits you!
You die...

.......................
.###....######....####
#................[..
#....#####.....####. { #....#
#.....# #. . ##...# ###.###
#. ..# #...#######.# ## .#?..
##..##(.).=.###
#.#...###@(#.#####...#####
.....g.....................
.......(.................##.
......(@>.................#.#
.#...((.#.....######...###.##
................# ##.## ###
.................# #.#
#####.#......#...# #.#
.................# #.#


You could see Edmund and a goblin.

Vanquished Creatures
  2 worker ants (D:4)
  Ijyb (D:2)
  Jessica (D:2)
  Terence (D:2)
  5 adders
  8 gnolls
  2 inept feature mimics (D:3)
  An adder skeleton (D:4)
  2 giant geckos
  2 oozes
  7 orcs (D:3)
  A ball python (D:3)
  4 giant cockroaches
  7 hobgoblins
  8 jackals
  6 kobolds
  4 quokkas
  3 bats (D:1)
  5 giant newts
  13 goblins
  An orc skeleton (D:4)
  9 rats
93 creatures vanquished.

Notes
Turn   | Place    | Note
--------------------------------------------------------------
     0 | D:1      | Neoxx, the Formicid Hunter, began the quest for the Orb.
     0 | D:1      | Reached XP level 1. HP: 14/14 MP: 1/1
   142 | D:2      | Reached XP level 2. HP: 12/19 MP: 2/2
   641 | D:1      | Reached XP level 3. HP: 16/24 MP: 3/3
  1031 | D:1      | Reached skill level 4 in Stealth
  1354 | D:2      | Noticed Terence
  1357 | D:2      | Killed Terence
  1357 | D:2      | Reached XP level 4. HP: 29/29 MP: 4/4
  1652 | D:2      | Noticed Jessica
  1655 | D:2      | Killed Jessica
  1655 | D:2      | Reached skill level 5 in Stealth
  1903 | D:2      | Reached XP level 5. HP: 30/34 MP: 5/5
  1953 | D:2      | Noticed Ijyb
  2012 | D:2      | Killed Ijyb
  2012 | D:2      | Reached skill level 6 in Stealth
  2573 | D:3      | Found a shimmering altar of Xom.
  2585 | D:3      | You fall through a shaft!
  2860 | D:3      | Reached XP level 6. HP: 10/39 MP: 6/6
  4674 | D:4      | Noticed Edmund
  4841 | D:4      | Reached XP level 7. HP: 41/45 MP: 7/7
  4949 | D:4      | Hit by a stone thrown by Edmund

Action                   |  1- 3 |  4- 6 |  7- 9 || total
-------------------------+-------+-------+-------++-------
Melee: Short sword       |   143 |   116 |       ||   259
       Dagger            |       |   113 |     3 ||   116
Throw: Large rock        |    15 |    36 |     4 ||    55
       Dart              |       |    27 |     7 ||    34
       Throwing net      |       |     6 |       ||     6
       Tomahawk          |       |    10 |     5 ||    15
 Abil: Dig               |     4 |     2 |       ||     6
Evoke: Wand              |       |     1 |     1 ||     2
  Use: Scroll            |       |     3 |       ||     3
 Stab: Sleeping          |     1 |     7 |       ||     8
       Held in net/web   |       |     1 |       ||     1
